 Dungeon Crawl Stone Soup version 0.25-a0-1130-g3926558f3a (webtiles) character file.

Game seed: 5647673509276922981, levelgen mode: deterministic

54 MisterFreud the Skirmisher (level 3, 0/37 HPs)
             Began as a Hill Orc Abyssal Knight on May 19, 2020.
             Was a Believer of Lugonu.
             Slain by a gnoll
             ... wielding a +0 spear
              (5 damage)
             ... on level 2 of the Dungeon.
             The game lasted 00:02:06 (1457 turns).

MisterFreud the Skirmisher (HOAK)                   Turns: 1457, Time: 00:02:06

Health: 0/37       AC:  6    Str: 15    XL:     3   Next: 91%
Magic:  4/4        EV:  9    Int: 12    God:    Lugonu [**....]
Gold:   88         SH:  0    Dex: 10    Spells: 2/2 levels left

rFire    . . .     SeeInvis +   a - +1 hand axe
rCold    . . .     Gourm    .   (no shield)
rNeg     . . .     Faith    .   g - +0 scale mail
rPois    .         Spirit   .   (no helmet)
rElec    .         Reflect  .   (no cloak)
rCorr    .         Harm     .   (no gloves)
MR       .....                  (no boots)
Stlth    ..........             (no amulet)
HPRegen  0.12/turn              e - ring of see invisible
MPRegen  0.09/turn              (no ring)

@: brilliant
A: no striking features
a: Depart the Abyss, Bend Space, Renounce Religion


You were on level 2 of the Dungeon.
You worshipped Lugonu.
Lugonu was pleased with you.
You were not hungry.

You visited 1 branch of the dungeon, and saw 2 of its levels.
You visited the Abyss 1 time.

You collected 88 gold pieces.

Inventory:

Hand Weapons
 a - a +1 hand axe (weapon)
Missiles
 d - 17 poisoned darts (quivered)
 f - 99 stones
 m - 24 sling bullets
 n - 13 arrows
 p - 8 javelins
Armour
 g - a +0 scale mail (worn)
Jewellery
 e - a ring of see invisible (left hand)
Scrolls
 h - a scroll of remove curse {unknown}
 i - 3 scrolls of identify {unknown}
 j - a scroll of fog {unknown}
 l - a scroll of blinking {unknown}
 o - a scroll of teleportation {unknown}
 q - a scroll of immolation {unknown}
 s - a scroll of amnesia {unknown}
Potions
 r - a potion of curing {unknown}
Comestibles
 c - 3 rations
 k - 5 chunks of flesh


   Skills:
 * Level 5.7 Fighting
 - Level 2.6 Axes
 - Level 2.1 Armour
 - Level 0.7 Dodging
 - Level 2.4 Invocations


You had 2 spell levels left.
You didn't know any spells.
Your spell library was empty.

Dungeon Overview and Level Annotations

Branches:
Dungeon (2/15)

Altars:


Message History

You see here a jackal corpse.
You barely miss the gnoll.
The gnoll hits you from afar with a +0 spear.
The gnoll hits you with a +5 halberd! The gnoll closely misses you.
Your scale mail prevents you from hitting the gnoll.
The gnoll hits you but does no damage.
The gnoll hits you from afar with a +0 spear.
* * * LOW HITPOINT WARNING * * *
You closely miss the gnoll.
The gnoll hits you from afar with a +0 spear.
* * * LOW HITPOINT WARNING * * *
The gnoll misses you.
You slash the gnoll!
The gnoll is severely wounded.
The gnoll barely misses you. The gnoll closely misses you.
Unknown command.
It was a potion of brilliance.
You feel clever all of a sudden.
The gnoll hits you from afar with a +0 spear.
You die...

#..#.# #.#
# #....#
#รท#### #
#..#
#....#
##.##
####.#
#..# .#
#.#
##g##.#
#.# #gg#.#
#.# ##g#.#
#.# #@#.#
#.# #.#.#
#.# #...#
#.# ##..#
#.# #..#
#.#
#..#####.#
#..#.....#
#..#.#.#.#
##>#.#.#.#


You could see 4 gnolls.

Vanquished Creatures
  An adder (D:2)
  A gnoll (D:1)
  3 dart slugs (D:1)
  3 bats (D:1)
  3 goblins
  6 hobgoblins
  5 jackals (D:2)
  A ball python (D:1)
  A frilled lizard (D:1)
  2 kobolds (D:2)
  3 rats (D:1)
29 creatures vanquished.

Notes
Turn   | Place    | Note
-------+----------+-------------------------------------------
     0 | Abyss:1  | MisterFreud the Hill Orc Abyssal Knight began the quest for
                  | the Orb.
     0 | Abyss:1  | Reached XP level 1. HP: 19/19 MP: 2/2
    27 | D:1      | Escaped the Abyss
   177 | D:1      | Reached skill level 4 in Fighting
   183 | D:1      | Reached XP level 2. HP: 25/27 MP: 3/3
   833 | D:1      | Reached skill level 5 in Fighting
   833 | D:1      | Reached XP level 3. HP: 32/36 MP: 4/4
   982 | D:1      | Reached ** piety under Lugonu
  1457 | D:2      | Slain by a gnoll

Illustrated notes

Levels and vault maps discovered:
D:1:      zaba_arrival_water, layout_basic
D:2:      layout_basic

Skill      XL: |  1  2 |
---------------+-------+-----
Fighting       | 4 5 |  5.7
Axes           | |  2.6
Armour         | |  2.1
Dodging        | |  0.7
Invocations    | |  2.4

Action                   || total
-------------------------++-------
Melee: Hand axe          ||   104
  Use: Potion            ||     1
  Eat: Chunk             ||     2
Armor: Scale mail        ||    46
Dodge: Dodged            ||    56

Table legend:
 A = Non-vault XP
 B = Vault XP
 C = Vault XP percentage of total XP
 D = Non-vault monster count
 E = Vault monster count
 F = Vault count percentage of total count
                 A         B        C        D         E       F
            +---------+---------+-------+---------+---------+-------
      Total |      78 |       0 |   0.0 |      29 |       0 |   0.0
            +---------+---------+-------+---------+---------+-------
        D:1 |      49 |       0 |   0.0 |      19 |       0 |   0.0
        D:2 |      29 |       0 |   0.0 |      10 |       0 |   0.0
            +---------+---------+-------+---------+---------+-------
